 Dungeon Crawl Stone Soup version 0.24.1-11-gbbbb2193e6 (webtiles) character file.

Game seed: 9191616775562559176, levelgen mode: deterministic

13470 Hugehornet the Martial Artist (level 12, -11/72 HPs)
             Began as an Octopode Transmuter on May 15, 2020.
             Was the Champion of Cheibriados.
             Mangled by a death yak (27 damage)
             ... on level 4 of the Lair of Beasts.
             The game lasted 00:49:43 (16658 turns).

Hugehornet the Martial Artist (OpTm)               Turns: 16658, Time: 00:49:44

Health: -11/72     AC:  1    Str: 24    XL:     12   Next: 6%
Magic:  19/22      EV: 15    Int: 36    God:    Cheibriados [******]
Gold:   68         SH:  0    Dex: 27    Spells: 2/25 levels left

rFire    . . .     SeeInvis .     - Unarmed
rCold    + . .     Gourm    .   (shield currently unavailable)
rNeg     . . .     Faith    .   (helmet restricted)
rPois    .         Spirit   .   e - amulet of regeneration
rElec    .         Reflect  .   u - ring of stealth
rCorr    .         Harm     .   x - ring of protection from cold
MR       .....                  (no ring)
Stlth    +++++.....             (no ring)
HPRegen  0.62/turn              (no ring)
MPRegen  0.18/turn              (no ring)
                                (no ring)
                                (no ring)

@: blade tentacles (expiring), very slow
A: almost no armour, stealthy swim, amphibious, 8 rings, constrict 8, camouflage
1, gelatinous body 1
a: End Transformation, Bend Time, Temporal Distortion, Slouch, Step From Time,
Renounce Religion


You were on level 4 of the Lair of Beasts.
You worshipped Cheibriados.
Cheibriados was exalted by your worship.
You were not hungry.
You had blades for tentacles.
You visited 2 branches of the dungeon, and saw 13 of its levels.

You collected 797 gold pieces.
You spent 729 gold pieces at shops.

Inventory:

Missiles
 a - 140 arrows
Armour
 l - a +0 shield
Jewellery
 e - an amulet of regeneration (around mantle)
 j - an uncursed ring of ice
 u - a ring of stealth (left scythe-like blade)
 x - a ring of protection from cold (right scythe-like blade)
 B - an uncursed ring of ice
Wands
 o - a wand of polymorph (8)
 q - a wand of flame (22)
 C - a wand of iceblast (6)
 F - a wand of digging (9)
Scrolls
 f - a scroll of enchant armour
 g - a scroll of enchant weapon {unknown}
 h - a scroll of teleportation
 i - 5 scrolls of remove curse
 k - a scroll of magic mapping
 n - 4 scrolls of amnesia
 r - 3 scrolls of immolation
 s - a scroll of torment {unknown}
 v - 3 scrolls of acquirement {unknown}
 w - a scroll of fog
 z - 2 scrolls of holy word {unknown}
 A - a scroll of vulnerability {unknown}
 D - a scroll of blinking
 I - a scroll of silence
Potions
 b - 4 potions of flight
 d - 2 potions of curing
 m - 2 potions of magic
 p - 3 potions of brilliance
 t - a potion of agility
 E - a potion of lignification
 G - a potion of berserk rage {unknown}
 H - a potion of mutation {unknown}
Comestibles
 c - 18 rations


   Skills:
 + Level 2.4 Fighting
 + Level 3.0 Dodging
 + Level 3.2 Stealth
 * Level 9.7 Unarmed Combat
 + Level 7.3 Spellcasting
 - Level 2.7 Conjurations
 - Level 3.0 Hexes
 - Level 1.0 Translocations
 - Level 9.0 Transmutations
 - Level 5.3 Ice Magic
 - Level 2.7 Air Magic
 - Level 3.0 Poison Magic
 + Level 8.6 Invocations


You had 2 spell levels left.
You knew the following spells:

 Your Spells              Type           Power        Failure   Level  Hunger
a - Beastly Appendage     Tmut           ######       7%          1    None
b - Sticks to Snakes      Tmut           ######..     8%          2    None
c - Spider Form           Tmut/Pois      ######....   14%         3    None
d - Ice Form              Ice/Tmut       ######..     19%         4    None
e - Blade Hands           Tmut           ######....   22%         5    ####...
f - Mephitic Cloud        Conj/Pois/Air  ####....     26%         3    None
g - Blink                 Tloc           N/A          26%         2    None
h - Confuse               Hex            #####...     24%         3    None

Your spell library contained the following spells:

 Spells                   Type           Power        Failure   Level  Hunger
 Confusing Touch          Hex            #####.       14%         1    None
 Corona                   Hex            #####..      14%         1    None
 Magic Dart               Conj           ####         16%         1    None
 Slow                     Hex            #####...     17%         2    None
 Animate Skeleton         Necr           N/A          26%         1    None
 Pain                     Necr           ##..         26%         1    None
 Call Imp                 Summ           ##......     32%         2    None
 Portal Projectile        Hex/Tloc       ####..       30%         3    None
 Inner Flame              Hex/Fire       ###.....     32%         3    None
 Petrify                  Tmut/Erth      #####...     32%         4    None
 Conjure Flame            Conj/Fire      ###.....     34%         3    None
 Gell's Gravitas          Tloc           ###.......   36%         3    None
 Yara's Violent Unravell  Hex/Tmut       ######....   38%         5    ####...
 Cause Fear               Hex            #####.....   43%         4    None
 Regeneration             Chrm/Necr      ##........   45%         3    None
 Vampiric Draining        Necr           ##........   45%         3    None
 Leda's Liquefaction      Hex/Erth       ###.......   56%         4    None
 Metabolic Englaciation   Hex/Ice        #####.....   56%         5    ####...
 Animate Dead             Necr           N/A          73%         4    None


Dungeon Overview and Level Annotations

Branches:
Dungeon (9/15)             Temple (0/1) D:5            Lair (4/6) D:8
 Shoals (0/4) Lair:3        Snake (0/4) Lair:3
    Orc: D:9-12

Altars:
Cheibriados
Dithmenos
Gozag
Hepliaklqana
Okawaru
Qazlal
Trog
Uskayaw
Vehumet
Wu Jian
Xom
The Shining One

Shops:
D:6 **(%?   D:8 *

Annotations:
Lair:3 exclusions: door and oklob plant


Innate Abilities, Weirdness & Mutations

You cannot wear most types of armour.
You are very stealthy in the water. (Stealth+)
You are amphibious.
You can wear up to eight rings at the same time.
You can use your tentacles to constrict eight enemies at once.
Your skin changes colour to match your surroundings (Stealth+).
Your rubbery body absorbs attacks. (AC +1, EV +1)


Message History

You see here a death yak corpse.
A death yak comes into view.
Found a war axe.
Casting: Blade Hands (safe; 2% risk of failure)
Confirm with . or Enter, or press ? or * to list all spells.
Your tentacles turn into razor-sharp scythe blades.
A death yak comes into view.
Your transformation is almost over.
The death yak gores you!!
You see here a death yak corpse.
You hit the death yak but do no damage.
You squeeze the death yak, but do no damage.
The death yak gores you!!
* * * LOW HITPOINT WARNING * * *
You hit the death yak.
You slash the death yak, but do no damage.
You squeeze the death yak.
The death yak is lightly wounded.
The death yak gores you!!
You die...

..###...............#
...................
.................#
.#...............#
###............#.#
#..†......>....###
##..............##
##..........##..#
#.....>...####@## ##
..#......## #Y.# #.#
# .#######.#
#..##.)#... # ..
##......... ##.
#.........
#..........
#........P#
##...)...## ........#


You could see a death yak.

Vanquished Creatures
  A death yak (Lair:4)
  The ghost of TrebMcFLY the Basher, a novice GrGl of Okawaru (D:8)
  The ghost of Hugehornet the Insei, a novice OpTm of Cheibriados (D:6)
  2 black mambas
  5 spiny frogs
  A rime drake (Lair:4)
  3 komodo dragons
  4 hippogriffs
  A spriggan (D:7)
  9 yaks
  A wyvern (Lair:3)
  3 basilisks
  A hungry ghost (D:8)
  8 water moccasins
  Duvessa (D:7)
  4 porcupines
  An orc warrior (D:7)
  2 sky beasts
  A black bear (D:7)
  An eye of draining (D:4)
  An ice beast (D:7)
  A phantom (D:5)
  A necrophage (D:3)
  4 ogres
  6 wolves (Lair:3)
  4 centaurs
  6 crocodiles
  A big kobold (D:9)
  8 bullfrogs
  Dowan (D:7)
  A water moccasin skeleton (D:8)
  6 killer bees (D:7)
  A howler monkey (D:6)
  2 crimson imps
  A quasit (D:8)
  A jelly (D:7)
  2 orc priests
  A gnoll shaman (D:6)
  2 hounds (D:5)
  12 orc wizards
  A bullfrog skeleton (D:7)
  A centaur skeleton (D:7)
  3 iguanas
  Natasha (thrice) (D:3)
  2 worker ants
  A worker ant zombie (D:6)
  7 gnolls
  7 adders
  4 shadow imps
  An ooze (D:4)
  An adder skeleton (D:7)
  A worm (D:3)
  4 dart slugs
  7 leopard geckos
  30 orcs
  3 giant cockroaches
  5 goblins
  18 hobgoblins
  7 jackals
  4 quokkas
  A ball python (D:6)
  6 bats
  4 frilled lizards
  A jackal skeleton (D:4)
  12 kobolds
  A leopard gecko zombie (D:3)
  9 rats
  6 plants
263 creatures vanquished.

Vanquished Creatures (collateral kills)
  A wyvern (Lair:1)
  A basilisk (Lair:3)
  A bullfrog (Lair:3)
  A jelly (D:7)
4 creatures vanquished.

Vanquished Creatures (others)
  A jackal (D:3)
  3 fungi
  2 plants (D:8)
6 creatures vanquished.

Grand Total: 273 creatures vanquished

Notes
Turn   | Place    | Note
-------+----------+-------------------------------------------
     0 | D:1      | Hugehornet the Octopode Transmuter began the quest for the
                  | Orb.
     0 | D:1      | Reached XP level 1. HP: 13/13 MP: 3/3
   226 | D:1      | Reached XP level 2. HP: 18/18 MP: 3/5
   256 | D:1      | Learned a level 2 spell: Sticks to Snakes
  1209 | D:1      | Reached XP level 3. HP: 13/23 MP: 6/6
  1214 | D:1      | Learned a level 3 spell: Spider Form
  1890 | D:2      | Reached skill level 1 in Poison Magic
  2579 | D:3      | Reached XP level 4. HP: 11/28 MP: 5/8
  2934 | D:3      | Noticed Natasha
  2947 | D:3      | Killed Natasha
  3182 | D:3      | Noticed Natasha
  3517 | D:3      | Found a hazy altar of Hepliaklqana.
  3521 | D:3      | Found an ornate altar of the Wu Jian Council.
  3521 | D:3      | Found an iron altar of Okawaru.
  3521 | D:3      | Found a radiant altar of Vehumet.
  3533 | D:3      | Reached XP level 5. HP: 29/33 MP: 6/9
  3546 | D:3      | Learned a level 2 spell: Blink
  3570 | D:3      | Found a snail-covered altar of Cheibriados.
  3571 | D:3      | Found a shadowy altar of Dithmenos.
  3578 | D:3      | Became a worshipper of Cheibriados the Contemplative
  3624 | D:3      | Killed Natasha
  3771 | D:3      | Noticed Natasha
  3779 | D:3      | Killed Natasha
  3939 | D:3      | Reached skill level 1 in Translocations
  3970 | D:3      | Reached XP level 6. HP: 33/38 MP: 5/10
  4010 | D:3      | Noticed a necrophage
  4023 | D:3      | Killed a necrophage
  4039 | D:3      | Reached * piety under Cheibriados
  4519 | D:3      | Learned a level 4 spell: Ice Form
  4793 | D:3      | Found a stormy altar of Qazlal.
  4956 | D:3      | Found a shimmering altar of Xom.
  5021 | D:4      | Found an opulent altar of Gozag.
  5127 | D:4      | Reached ** piety under Cheibriados
  5167 | D:4      | Reached skill level 1 in Ice Magic
  5167 | D:4      | Reached XP level 7. HP: 43/43 MP: 9/12
  5377 | D:4      | Found a bloodstained altar of Trog.
  5550 | D:4      | Reached skill level 5 in Transmutations
  5780 | D:5      | Entered Level 5 of the Dungeon
  5933 | D:5      | Found a staircase to the Ecumenical Temple.
  6164 | D:5      | Reached XP level 8. HP: 48/48 MP: 11/14
  6245 | D:5      | Found a shadowy altar of Dithmenos.
  6392 | D:5      | Reached skill level 1 in Invocations
  6478 | D:5      | Noticed a +0 dagger
  6478 | D:5      | Noticed a +0 dagger
  6479 | D:5      | Found a hide-covered altar of Uskayaw.
  6877 | D:6      | Found Lycsinaz's Weapon Shoppe.
  7014 | D:6      | Found Ihoutoro's Food Shoppe.
  7041 | D:6      | Found Foxyrotu's Assorted Antiques.
  7050 | D:6      | Bought 2 metallic cyan potions for 37 gold pieces
  7050 | D:6      | Bought a coppery potion for 18 gold pieces
  7050 | D:6      | Bought a scroll of identify for 42 gold pieces
  7050 | D:6      | Bought a scroll labeled HEEVAG ZUASM for 21 gold pieces
  7050 | D:6      | Bought a knobbly gilded ring for 105 gold pieces
  7146 | D:6      | Found Lynt's Magic Scroll Shop.
  7169 | D:6      | Bought a scroll of amnesia for 38 gold pieces
  7169 | D:6      | Bought a scroll of fog for 22 gold pieces
  7169 | D:6      | Bought a scroll of identify for 22 gold pieces
  7169 | D:6      | Bought a scroll of teleportation for 33 gold pieces
  7169 | D:6      | Bought a scroll of teleportation for 33 gold pieces
  7285 | D:6      | Noticed Hugehornet's ghost (novice OpTm)
  7318 | D:6      | Found a runed translucent door.
  7363 | D:6      | Reached *** piety under Cheibriados
  7416 | D:6      | Found Cuvynal's Assorted Antiques.
  7559 | D:6      | Killed Hugehornet's ghost
  7559 | D:6      | Reached skill level 5 in Unarmed Combat
  7565 | D:6      | Learned a level 3 spell: Mephitic Cloud
  7980 | D:7      | Noticed Dowan
  7982 | D:7      | Noticed Duvessa
  8025 | D:7      | Found a glowing golden altar of the Shining One.
  8192 | D:7      | Reached skill level 1 in Conjurations
  8192 | D:7      | Reached skill level 1 in Air Magic
  8192 | D:7      | Reached XP level 9. HP: 32/53 MP: 14/16
  8196 | D:7      | Killed Dowan
  8598 | D:6      | Bought a scroll of fear for 38 gold pieces
  9096 | D:7      | Reached skill level 5 in Ice Magic
  9302 | D:7      | You fall into a shaft and drop 2 floors!
  9309 | D:9      | Reached **** piety under Cheibriados
  9326 | D:9      | Reached skill level 5 in Spellcasting
  9860 | D:8      | Found a staircase to the Lair.
  9862 | Lair:1   | Entered Level 1 of the Lair of Beasts
 10193 | D:8      | Reached skill level 5 in Invocations
 10194 | D:8      | Reached XP level 10. HP: 28/58 MP: 10/18
 10599 | D:8      | Learned a level 5 spell: Blade Hands
 10710 | D:8      | Found Zeynteap's Assorted Antiques.
 10785 | D:8      | Found a runed translucent door.
 10817 | D:8      | Noticed TrebMcFLY's ghost (novice GrGl)
 11002 | D:8      | Reached ***** piety under Cheibriados
 11739 | D:7      | Killed Duvessa
 12382 | D:6      | Bought a scroll labeled ENAVVU ALELINK for 31 gold pieces
 12429 | D:8      | Bought a scroll labeled RIF HI MAECH for 38 gold pieces
 12489 | D:8      | Killed TrebMcFLY's ghost
 12816 | Lair:1   | Noticed a spiny frog
 12825 | Lair:1   | Killed a spiny frog
 12825 | Lair:1   | Reached XP level 11. HP: 45/63 MP: 15/20
 13314 | Lair:1   | Learned a level 3 spell: Confuse
 13506 | Lair:1   | Reached skill level 1 in Hexes
 14507 | D:8      | Bought a scroll of identify for 76 gold pieces
 14551 | D:6      | Bought a scroll of silence for 82 gold pieces
 14659 | Lair:3   | Found a staircase to the Shoals.
 14666 | Lair:3   | Noticed an oklob plant
 14746 | Lair:3   | Reached ****** piety under Cheibriados
 14938 | Lair:3   | Reached skill level 1 in Stealth
 15216 | Lair:3   | Found a staircase to the Snake Pit.
 16001 | D:6      | Bought a potion of curing for 93 gold pieces
 16183 | Lair:3   | Noticed a four-headed hydra
 16609 | Lair:4   | Noticed a death yak
 16618 | Lair:4   | Killed a death yak
 16618 | Lair:4   | Reached XP level 12. HP: 72/72 MP: 16/22
 16650 | Lair:4   | Noticed a death yak
 16652 | Lair:4   | Noticed a death yak
 16658 | Lair:4   | Mangled by a death yak

Levels and vault maps discovered:
D:1:      minmay_arrival_jagged, layout_basic, dk_noncrumbling_4
D:2:      layout_rooms, minmay_strange_pillars
D:3:      minmay_chambers_of_threes, layout_rooms, grunt_temple_overflow_open,
          grunt_qazlal_clouds, xom_butterflies, uniq_natasha
D:4:      layout_loops_cross, grunt_gozag_statues, trog_eyes_of_draining
D:5:      layout_basic, dancing_weapons_uskayaw, minmay_temple_entry_wispy,
          first_ration, serial_bayou, serial_bayou_lagoon_b,
          serial_bayou_lagoon_a, serial_bayou_shore_a, serial_bayou_shore_b,
          chequers_garden, kennysheep_cluttered_room,
          grunt_dithmenos_smoke_and_mirrors
D:6:      layout_gridville, serial_shops, shop, shop, shop_scrolls, shop, shop,
          hellmonk_ghost_happy_afterlife
D:7:      minmay_skewed_foursquare, layout_loops_ring, tso_oasis_becter,
          the_bakery, uniq_duvessa
D:8:      layout_basic, minmay_lair_entry_grove, gammafunk_ghost_grave,
          serial_shops, shop
D:9:      layout_cave_pools, erik_orc_1, uniq_pikel
Lair:1:   layout_roguey
Lair:2:   layout_roguey, grunt_megastairs_1
Lair:3:   layout_hall_layers, shoals_dummy_entry, dummy_snake_entry,
          minivault_27, wad_woods_road_05, serial_bayou_shore_b
Lair:4:   layout_cave_pods, gammafunk_ghost_grave, grunt_megastairs_4

Skill      XL: |  1  2  3  4  5  6  7  8  9 10 11 |
---------------+----------------------------------+-----
Transmutations | 3 4 5 6 7 8 9 |  9.0
Poison Magic   | 1 2 3 |  3.0
Spellcasting   | 3 4 5 6 7 |  7.3
Translocations | 1 |  1.0
Unarmed Combat | 4 5 6 7 9 |  9.7
Ice Magic      | 1 3 4 5 |  5.3
Invocations    | 2 5 7 8 |  8.6
Conjurations   | 1 2 |  2.7
Air Magic      | 1 2 |  2.7
Hexes          | 3 |  3.0
Stealth        | 3 |  3.2
Fighting       | 2 |  2.4
Dodging        | 3 |  3.0

Action                   |  1- 3 |  4- 6 |  7- 9 | 10-12 || total
-------------------------+-------+-------+-------+-------++-------
Melee: Unarmed           |    76 |   124 |   242 |   371 ||   813
       Constrict         |    25 |    22 |    10 |    18 ||    75
       Kick              |    22 |    24 |    29 |    10 ||    85
       Tentacles         |    10 |    14 |    23 |    44 ||    91
       Punch             |       |     2 |     2 |    16 ||    20
 Cast: Beastly Appendage |    26 |    18 |    24 |     9 ||    77
       Spider Form       |       |     9 |    22 |    23 ||    54
       Sticks to Snakes  |       |       |    11 |     3 ||    14
       Ice Form          |       |       |     4 |    21 ||    25
       Blink             |       |       |     2 |     3 ||     5
       Blade Hands       |       |       |       |    15 ||    15
 Abil: End Transformatio |       |     2 |    15 |    44 ||    61
  Use: Scroll            |       |     4 |    16 |     6 ||    26
       Potion            |       |       |     5 |     2 ||     7
 Stab: Sleeping          |     7 |     3 |     6 |     5 ||    21
  Eat: Chunk             |     5 |     7 |     5 |     8 ||    25
       Ration            |       |       |     1 |     2 ||     3
Armor: Skin              |     5 |    11 |    14 |    42 ||    72
Dodge: Dodged            |    32 |   112 |   194 |   194 ||   532
